 Dungeon Crawl Stone Soup version 0.28.0 (webtiles) character file.

Game seed: 8686900201279240740

46 Jerry the Covered (level 3, -2/31 HPs)
             Began as a Demigod Fighter on Feb 8, 2022.
             Slain by Crazy Yiuf (16 damage)
             ... on level 2 of the Dungeon.
             The game lasted 00:03:05 (1568 turns).

Jerry the Covered (Demigod Fighter)                 Turns: 1568, Time: 00:03:06

Health: -2/31      AC:  7    Str: 21    XL:     3   Next: 26%
Magic:  5/5        EV:  9    Int: 10    God:
Gold:   54         SH:  4    Dex: 13    Spells: 2/2 levels left

rFire   . . .      SeeInvis .   a - +0 war axe
rCold   . . .      Faith    .   c - +0 buckler
rNeg    . . .      Spirit   .   b - +0 scale mail
rPois   .          Reflect  .   g - +0 helmet
rElec   .          Harm     .   (no cloak)
rCorr   .          Rampage  .   (no gloves)
Will    .....                   (no boots)
Stlth   ..........              (no amulet)
HPRegen 0.10/turn               (no ring)
MPRegen 0.09/turn               (no ring)

@: mighty
A: high MP 1, forlorn, divine attributes
a: no special abilities


You were on level 2 of the Dungeon.
You visited 1 branch of the dungeon, and saw 2 of its levels.

You collected 54 gold pieces.

Inventory:

Hand Weapons
 a - a +0 war axe (weapon)
Armour
 b - a +0 scale mail (worn)
 c - a +0 buckler (worn)
 g - a +0 helmet (worn)
Scrolls
 e - 5 scrolls of identify {unknown}
 i - a scroll of enchant weapon {unknown}
 k - 3 scrolls of fear {unknown}
Potions
 f - a potion of attraction {unknown}
 h - a potion of curing {unknown}
 j - 2 potions of flight {unknown}


   Skills:
 + Level 3.1 Fighting
 + Level 2.3 Axes
 + Level 3.1 Armour
 + Level 3.1 Shields


You had 2 spell levels left.
You didn't know any spells.
Your spell library was empty.

Dungeon Overview and Level Annotations

Branches:
Dungeon (2/15)

Annotations:
D:2 Crazy Yiuf


Innate Abilities, Weirdness & Mutations

You have an increased reservoir of magic. (+10% MP)
You shall have no god before yourself.
Your divine heritage dramatically boosts your attributes as you level up.


Message History

No target in view!
No target in view!
No target in view!
No target in view!
No target in view!
No target in view!
No target in view!
No target in view!
No target in view!
You now have 54 gold pieces (gained 15).
A giant cockroach comes into view.
The giant cockroach bites you. The giant cockroach closely misses you.
You hit the giant cockroach.
The giant cockroach is heavily wounded.
The giant cockroach barely misses you.
You slash the giant cockroach!
You kill the giant cockroach!
No target in view!
No target in view!
No target in view!
No target in view!
No target in view!
No target in view!
No target in view!
There is a stone staircase leading down here.
Found a scale mail.
Found 23 stones.
You see here 23 stones.
Found a mace.
Found a runed translucent door.
Crazy Yiuf shouts!
You feel very mighty all of a sudden.
You open the door. You closely miss Crazy Yiuf.
Crazy Yiuf hits you with a +4 quarterstaff of chaos!
You slash Crazy Yiuf!
Crazy Yiuf is severely wounded.
Crazy Yiuf hits you with a +4 quarterstaff of chaos!
You are electrocuted!
Ouch! That really hurt!
You die...

.....#######
#....#
...#.......#
#....#
.......#####
♣....♣
...........#
♣♣...♣
...........#
♣♣.♣♣
...........#
♣♣.♣
...........#
♣.♣♣
...........#
♣♣.♣
#####.[....#
♣@♣♣
#......# #g#
#......# ...
#......#
#...#
########
#)..# #####


You could see Crazy Yiuf.

Vanquished Creatures
  An adder (D:2)
  A worm (D:2)
  2 dart slugs (D:2)
  An endoplasm (D:2)
  4 giant cockroaches
  4 goblins
  2 hobgoblins
  2 ball pythons (D:2)
  6 bats
  2 frilled lizards
  2 kobolds
  3 rats
30 creatures vanquished.

Notes
Turn   | Place    | Note
-------+----------+-------------------------------------------
     0 | D:1      | Jerry the Demigod Fighter began the quest for the Orb.
     0 | D:1      | Reached XP level 1. HP: 18/18 MP: 3/3
   665 | D:1      | Reached XP level 2. HP: 25/25 MP: 4/4
  1328 | D:2      | Reached XP level 3. HP: 24/31 MP: 5/5
  1561 | D:2      | Found a runed translucent door.
  1562 | D:2      | Noticed Crazy Yiuf
  1568 | D:2      | Slain by Crazy Yiuf

Illustrated notes

Levels and vault maps discovered:
D:1:      minmay_arrival_cross, layout_basic,
          shapermc_ecumenical_altar_acropolis
D:2:      layout_basic, uniq_crazy_yiuf_cottage

Skill      XL: |  1  2 |
---------------+-------+-----
Axes           | 2 |  2.3
Fighting       | 3 |  3.1
Armour         | 3 |  3.1
Shields        | 3 |  3.1

Action                   || total
-------------------------++-------
Melee: War axe           ||    92
  Use: Potion            ||     1
Armor: Scale mail        ||    75
Dodge: Dodged            ||    57
Block: Buckler           ||    33
